 Dungeon Crawl Stone Soup version 0.22-a0-430-g6609fc6 (webtiles) character file.

152 Jynxie the Cudgeler (level 5, -4/37 HPs)
             Began as a Halfling Abyssal Knight on May 26, 2018.
             Was a Believer of Lugonu.
             Slain by an iguana (11 damage)
             ... on level 4 of the Dungeon.
             The game lasted 00:09:29 (2806 turns).

Jynxie the Cudgeler (Halfling Abyssal Knight)       Turns: 2806, Time: 00:09:30

Health: -4/37      AC:  8    Str: 13    XL:     5   Next: 60%
Magic:  15/15      EV: 11    Int: 10    God:    Lugonu [**....]
Gold:   181        SH:  0    Dex: 15    Spells: 4/4 levels left

rFire    . . .     SeeInvis .   a - +1 mace
rCold    . . .     Gourm    .   (shield restricted)
rNeg     . . .     Faith    .   s - +0 scale mail
rPois    .         Spirit   .   o - +0 helmet
rElec    .         Reflect  .   (no cloak)
rCorr    .         Harm     .   v - +0 pair of gloves
MR       .....                  (no boots)
Stlth    +.........             (no amulet)
HPRegen  0.12/turn              d - ring of stealth
MPRegen  0.14/turn              z - ring of magical power

@: no status effects
A: small, mutation resistance 1
a: Depart the Abyss, Bend Space, Renounce Religion


You were on level 4 of the Dungeon.
You worshipped Lugonu.
Lugonu was pleased with you.
You were not hungry.

You visited 1 branch of the dungeon, and saw 4 of its levels.
You visited the Abyss 1 time.

You collected 181 gold pieces.

Inventory:

Hand Weapons
 a - a +1 mace (weapon)
Armour
 b - a +0 leather armour
 k - a +1 animal skin
   (You took it off Robin on level 4 of the Dungeon)
 o - a +0 helmet (worn)
   (You found it on level 2 of the Dungeon)
 s - a +0 scale mail (worn)
   (You found it on level 2 of the Dungeon)
 v - a +0 pair of gloves (worn)
   (You found it on level 3 of the Dungeon)
Jewellery
 d - a ring of stealth (left hand)
   (You found it on level 1 of the Dungeon)
 i - an uncursed ring of stealth
   (You found it on level 3 of the Dungeon)
 z - a ring of magical power (right hand)
   (You found it on level 3 of the Dungeon)
Scrolls
 c - 2 scrolls of noise {unknown}
 f - a scroll of magic mapping {unknown}
 h - 2 scrolls of teleportation {@r4}
 j - 2 scrolls of enchant weapon {unknown}
 l - 3 scrolls of remove curse {unknown}
 u - a scroll of enchant armour {unknown}
 x - a scroll of fog {unknown}
 y - a scroll of blinking {unknown}
Potions
 g - a potion of curing {unknown}
 m - a potion of haste {unknown}
 n - a potion of degeneration {unknown}
 q - a potion of mutation {unknown}
 w - a potion of resistance {unknown}
Comestibles
 e - 5 rations {!d}
 t - a chunk of flesh


   Skills:
 + Level 3.7 Fighting
 * Level 4.1 Maces & Flails
 - Level 2.1 Armour
 - Level 1.1 Dodging
 - Level 2.0 Invocations


You had 4 spell levels left.
You didn't know any spells.
Your spell library contained the following spells:

 Spells                   Type           Power        Failure   Level  Hunger
 Spider Form              Tmut/Pois      #.........   99%         3    ####...
 Blade Hands              Tmut           #.........   100%        5    ######.
 Ice Form                 Ice/Tmut       #.......     100%        4    #####..
 Sticks to Snakes         Tmut           #.......     95%         2    ###....
 Beastly Appendage        Tmut           #.....       87%         1    ##.....


Dungeon Overview and Level Annotations

Branches:
Dungeon (4/15)
 Temple: D:4-7

Altars:
Dithmenos
Elyvilon
Gozag
Nemelex Xobeh
Qazlal
Ru
Sif Muna
Vehumet
Wu Jian


Innate Abilities, Weirdness & Mutations

You are small and have problems with some larger weapons.
You are somewhat resistant to further mutation.


Message History

A gnoll comes into view. It is wielding a spear.
The gnoll hits you but does no damage.
You closely miss the gnoll. The gnoll hits you but does no damage.
You hit the gnoll. The gnoll hits you but does no damage.
You barely miss the gnoll. The gnoll barely misses you.
You sock the gnoll!
You kill the gnoll!
Lugonu accepts your kill.
No target in view!
There is an open door, spattered with blood here.
Things that are here:
a spear; a robe A gnoll comes into view.
It is wielding a halberd of protection.
The gnoll shouts!
The gnoll barely misses you.
Found a ration.
You barely miss the gnoll. The gnoll closely misses you.
You hit the gnoll but do no damage. The gnoll barely misses you.
You sock the gnoll! The gnoll barely misses you.
You hit the gnoll but do no damage.
The gnoll hits you with a halberd of protection.
You hit the gnoll but do no damage. The gnoll closely misses you.
You hit the gnoll but do no damage.
The gnoll hits you with a halberd of protection!
You hit the gnoll but do no damage.
The gnoll hits you with a halberd of protection!
You hit the gnoll.
You kill the gnoll!
Lugonu accepts your kill.
No target in view!
You start resting.
Some of the chunks of flesh in your inventory have rotted away.
An iguana comes into view.
An iguana is nearby!
The iguana hisses angrily.
Things that are here:
a halberd of protection; a gnoll corpse You hit the iguana but do no damage.
The iguana bites you.
You hit the iguana. The iguana closely misses you.
Some of the chunks of flesh in your inventory have rotted away.
You closely miss the iguana. The iguana bites you!
* * * LOW HITPOINT WARNING * * *
You are too injured to fight recklessly!
You are too injured to fight recklessly!
You hit the iguana.
The iguana bites you but does no damage.
The iguana bites you.
* * * LOW HITPOINT WARNING * * *
You hit the iguana but do no damage. The iguana bites you!
You die...

.. .. #.
####'####
#.......#
#.......#
#....l..#
#....@..#
#.......#
#%...)..#
#####..##
##.##
#..#
##.##
#..#
##)###


You could see an iguana.

Vanquished Creatures
  Robin (D:4)
  4 gnolls (D:4)
  3 adders
  An ooze (D:2)
  A worm (D:4)
  A dart slug (D:1)
  3 leopard geckos (D:1)
  An orc (D:4)
  7 bats
  3 giant cockroaches
  12 goblins
  10 hobgoblins
  A ball python (D:2)
  4 frilled lizards
  7 kobolds
  10 rats
69 creatures vanquished.

Notes
Turn   | Place    | Note
-------+----------+-------------------------------------------
     0 | Abyss:1  | Jynxie the Halfling Abyssal Knight began the quest for the Orb.
     0 | Abyss:1  | Reached XP level 1. HP: 15/15 MP: 2/2
    37 | Abyss:1  | Noticed a large abomination
    38 | D:1      | Escaped the Abyss
   178 | D:1      | Reached skill level 2 in Maces & Flails
   260 | D:1      | Reached XP level 2. HP: 20/20 MP: 3/3
   300 | D:1      | Reached * piety under Lugonu
   550 | D:1      | Reached XP level 3. HP: 24/26 MP: 4/4
   973 | D:2      | Reached skill level 3 in Maces & Flails
   987 | D:2      | HP: 1/26 [poisoned by an adder]
  1410 | D:2      | Reached XP level 4. HP: 29/31 MP: 5/5
  1678 | D:2      | Found an opulent altar of Gozag.
  1901 | D:2      | Found a deep blue altar of Sif Muna.
  2225 | D:3      | Found a white marble altar of Elyvilon.
  2226 | D:3      | Found a radiant altar of Vehumet.
  2226 | D:3      | Found a stormy altar of Qazlal.
  2226 | D:3      | Found a sacrificial altar of Ru.
  2242 | D:3      | Found a sparkling altar of Nemelex Xobeh.
  2242 | D:3      | Found an ornate altar of the Wu Jian Council.
  2422 | D:3      | Found a shadowy altar of Dithmenos.
  2469 | D:4      | Reached ** piety under Lugonu
  2565 | D:4      | Noticed Robin
  2580 | D:4      | Reached XP level 5. HP: 36/36 MP: 6/6
  2594 | D:4      | Killed Robin
  2605 | D:4      | Reached skill level 4 in Maces & Flails
  2806 | D:4      | Slain by an iguana

Vault maps used:
D:1:      sevenhm_arrival_forest_fort_large_1
D:2:      led_sif_pool, nicolae_gozag_seed_capital
D:3:      grunt_dithmenos_smoke, minmay_overflow_temple_hex
D:4:      uniq_robin

Skill      XL: |  1  2  3  4  5 |
---------------+----------------+-----
Maces & Flails | 2 3 4 |  4.1
Fighting       | 3 |  3.7
Armour         | |  2.1
Dodging        | |  1.1
Invocations    | |  2.0

Action                   |  1- 3 |  4- 6 || total
-------------------------+-------+-------++-------
Melee: Mace              |    71 |   115 ||   186
Invok: Depart the Abyss  |     1 |       ||     1
  Use: Scroll            |       |     4 ||     4
       Potion            |       |     3 ||     3
 Stab: Sleeping          |     9 |       ||     9
  Eat: Chunk             |     2 |     4 ||     6
Armor: Leather armour    |    14 |     1 ||    15
       Scale mail        |       |    34 ||    34
       Skin              |       |    21 ||    21
Dodge: Dodged            |    46 |    65 ||   111

Table legend:
 A = Spawn XP
 B = Non-spawn XP
 C = Spawn XP percentage of total XP
 D = Spawn monster count
 E = Non-spawn monster count
 F = Spawn count percentage of total count
 G = Total turns spent on level
                    A         B        C        D         E        F      G
               +---------+---------+-------+---------+---------+-------+---------
         Total |       0 |     218 |   0.0 |       0 |      69 |   0.0 |  2806
               +---------+---------+-------+---------+---------+-------+---------
           D:1 |       0 |      38 |   0.0 |       0 |      22 |   0.0 |   857
           D:2 |       0 |      51 |   0.0 |       0 |      16 |   0.0 |  1032
           D:3 |       0 |      28 |   0.0 |       0 |      13 |   0.0 |   533
           D:4 |       0 |     101 |   0.0 |       0 |      18 |   0.0 |   346
               +---------+---------+-------+---------+---------+-------+---------
